 Dungeon Crawl Stone Soup version 0.31.0-12-g77e489cdc1 (webtiles) character file.

Game seed: 1330084269576053159

445 Gadfly the Sneak (level 6, 0/30 HPs)
             Began as a Spriggan Enchanter on Feb 16, 2024.
             Slain by a river rat (4 damage)
             ... in a sewer.
             The game lasted 00:09:19 (4477 turns).

Gadfly the Sneak (Spriggan Enchanter)               Turns: 4477, Time: 00:09:20

Health: 0/30       AC:  4    Str:  4    XL:     6   Next: 72%
Magic:  13/13      EV: 16    Int: 16    God:
Gold:   311        SH:  0    Dex: 18    Spells: 8/13 levels left

rFire   + . .        a - +2 dagger (freeze)
rCold   + . .        (no shield)
rNeg    . . .        b - +1 robe
rPois   .            (helmet restricted)
rElec   .            v - +0 cloak
rCorr   .            (gloves unavailable)
SInv    +            (boots unavailable)
Will    +....        q - amulet of regeneration Stlth
                     e - ring of protection from fire
HPRegen 1.05/turn    l - ring of protection from cold
MPRegen 0.13/turn

%: no passive effects
@: confused, lethally poisoned (0 -> -1), silenced (expiring), ambrosia-drunk,
constricted, very quick
A: very small, no large weapons, unfitting armour, see invisible, speed 3
a: no special abilities


You were in a sewer.
You visited 1 branch of the dungeon, and saw 4 of its levels.
You also visited: Sewer.

You collected 311 gold pieces.

Inventory:

Hand Weapons
 a - a +2 dagger of freezing (weapon)
 o - a +2 mace of draining
Armour
 b - a +1 robe (worn)
 j - an orb of wrath
 v - a +0 cloak (worn)
Jewellery
 e - a ring of protection from fire (left hand)
 l - a ring of protection from cold (right hand)
 q - an amulet of regeneration (around neck)
Wands
 p - a wand of flame (17)
 s - a wand of polymorph (11)
Scrolls
 d - 3 scrolls of teleportation
 g - 3 scrolls of enchant armour
 k - 3 scrolls of enchant weapon
 r - 2 scrolls of identify
 t - a scroll of poison
 u - 2 scrolls of fear
Potions
 c - 2 potions of invisibility
 f - a potion of ambrosia
 h - a potion of might
 i - 2 potions of heal wounds {unknown}
 m - a potion of haste
 n - a potion of curing
 w - 2 potions of enlightenment
 z - a potion of mutation {unknown}


   Skills:
 + Level 2.0 Fighting
 + Level 3.1 Short Blades
 + Level 4.2 Dodging
 + Level 6.0 Stealth
 + Level 4.2 Spellcasting
 + Level 4.7 Hexes
 + Level 3.0 Evocations


You had 8 spell levels left.
You knew the following spells:

 Your Spells              Type           Power      Damage    Failure   Level
a - Ensorcelled Hibernat  Hex/Ice        20%        N/A       10%         2
b - Confusing Touch       Hex            18%        N/A       7%          3

Your spell library contained the following spells:

 Spells                   Type           Power      Damage    Failure   Level
 Tukima's Dance           Hex            18%        N/A       7%          3
 Dazzling Flash           Conj/Hex       20%        N/A       19%         3
 Passwall                 Erth           3%         N/A       45%         3
 Swiftness                Air            3%         N/A       45%         3


Dungeon Overview and Level Annotations

Branches:
Dungeon (4/15)              Sewer (1/1)
 Temple: D:4-7

Altars:

Shops:
D:2 (


Innate Abilities, Weirdness & Mutations

You are very small and have problems with some larger weapons.
You are too small for most types of armour.
You have supernaturally acute eyesight. (SInv)
You cover ground extremely quickly. (Speed+++)


Message History

The jackal completely misses you. The river rat barely misses you.
The ball python bites you but does no damage.
The ball python constricts you. The adder misses you.
You miss the jackal.
You feel sick. The jackal misses you. The river rat bites you.
* * * LOW HITPOINT WARNING * * *
The ball python misses you. The ball python constricts you.
The river rat closely misses you. The adder closely misses you.
You hit the jackal. You freeze the jackal.
The jackal is heavily wounded.
The jackal completely misses you. The river rat closely misses you.
The ball python misses you. The ball python constricts you.
The adder completely misses you. The river rat barely misses you.
The jackal closely misses you.
Unknown command.
You are confused.
You feel invigorated.
You feel sick.
The ball python bites you but does no damage.
The ball python constricts you. The adder barely misses you.
The jackal bites you.
* * * LOW HITPOINT WARNING * * *
The river rat completely misses you. The river rat bites you.
* * * LOW HITPOINT WARNING * * *
You closely miss the jackal.
The jackal is heavily wounded.
You feel sick. The adder bites you but does no damage.
The jackal barely misses you. The ball python closely misses you.
The ball python constricts you.
* * * LOW HITPOINT WARNING * * *
The river rat misses you. The river rat barely misses you.
The ball python's grasp on you weakens, but your attempt to escape fails.
You feel sick. The adder bites you.
* * * LOW HITPOINT WARNING * * *
You are more poisoned.
The adder poisons you!
The jackal splashes around in the water.
The ball python bites you.
* * * LOW HITPOINT WARNING * * *
The ball python constricts you. The river rat bites you.
You die...

########################
≈≈≈≈≈≈≈~r~~~~~~~~~~~~~~†
≈≈≈≈≈≈S@≈≈≈≈≈≈≈≈≈≈≈≈≈≈≈≈
≈≈≈≈≈≈rhS~~.~~.~~~~~~~~~
#######~≈~##############
#~≈~# ###### #### #~≈~#
#....# #!!.
#~≈~#####''#####''
#~~~~.~...........
#†~~~~~...........
#~≈~#####''#####''


You could see an adder, 2 river rats, a jackal and a ball python.

Vanquished Creatures
  A phantom (D:4)
  A brain worm (Sewer)
  A hound (D:4)
  Crazy Yiuf (D:3)
  Natasha (thrice) (D:2)
  Terence (D:2)
  A gnoll (D:2)
  4 adders
  2 ribbon worms
  3 dart slugs
  An orc (D:4)
  9 ball pythons
  8 endoplasms
  8 giant cockroaches
  10 goblins
  3 hobgoblins (D:2)
  3 jackals
  8 quokkas
  10 bats
  9 frilled lizards
  6 kobolds
  4 rats
97 creatures vanquished.

Notes
Turn   | Place    | Note
-------+----------+-------------------------------------------
     0 | D:1      | Gadfly the Spriggan Enchanter began the quest for the Orb.
     0 | D:1      | Reached XP level 1. HP: 9/9 MP: 5/5
   141 | D:1      | Reached XP level 2. HP: 9/13 MP: 6/6
   174 | D:1      | Learned a level 2 spell: Ensorcelled Hibernation
   540 | D:1      | Reached skill level 1 in Evocations
   592 | D:1      | Reached XP level 3. HP: 17/17 MP: 5/8
  1233 | D:1      | Learned a level 3 spell: Confusing Touch
  1251 | D:2      | Noticed Natasha
  1266 | D:2      | Killed Natasha
  1350 | D:2      | Reached XP level 4. HP: 21/21 MP: 9/9
  1415 | D:2      | Noticed Natasha
  1418 | D:2      | Killed Natasha
  1419 | D:2      | Reached skill level 1 in Fighting
  1419 | D:2      | Reached skill level 5 in Stealth
  1952 | D:2      | Found Cigymein's Weapon Shop.
  2120 | D:2      | Noticed Terence
  2123 | D:2      | Killed Terence
  2124 | D:2      | Reached XP level 5. HP: 25/25 MP: 8/11
  2193 | D:2      | Noticed Natasha
  2375 | D:2      | Killed Natasha
  2914 | D:3      | Found a faded altar of an unknown god.
  3128 | D:3      | Found a runed translucent door.
  3129 | D:3      | Noticed Crazy Yiuf
  3448 | D:3      | Killed Crazy Yiuf
  3688 | D:4      | Noticed a phantom
  3718 | D:4      | Killed a phantom
  3719 | D:4      | Reached XP level 6. HP: 30/30 MP: 9/13
  3904 | D:4      | Found a glowing drain.
  3913 | Sewer    | Entered a sewer
  4338 | Sewer    | Reached skill level 6 in Stealth
  4475 | Sewer    | HP: 1/30 [river rat (4)]
  4477 | Sewer    | Slain by a river rat

Illustrated notes

Levels and vault maps discovered:
D:1:      lemuel_arrival_broad_hall, layout_basic, kennysheep_decorative_pillar,
          minivault_14
D:2:      layout_basic, serial_shops, shop, chequers_jeans,
          hangedman_feature_mirror, uniq_natasha, uniq_terence
D:3:      layout_loops_ring, ebering_ecumenical_altar_mist,
          dreamdust_wishing_well, uniq_crazy_yiuf_cottage
D:4:      minmay_skewed_foursquare, layout_rooms, cheibrodos_sewer_entry_drain,
          uniq_pikel, uniq_eustachio
Sewer:    sewer_fruit_machine

Skill      XL: |  1  2  3  4  5  6 |
---------------+-------------------+-----
Evocations     | 1 2 3 |  3.0
Dodging        | 3 4 |  4.2
Spellcasting   | 3 4 |  4.2
Short Blades   | 2 3 |  3.1
Hexes          | 4 |  4.7
Fighting       | 1 2 |  2.0
Stealth        | 5 6 |  6.0

Action                     |  1- 3 |  4- 6 || total
---------------------------+-------+-------++-------
  Melee: Dagger            |   104 |   183 ||   287
         Punch             |     3 |     3 ||     6
   Cast: Ensorcelled Hiber |    13 |    45 ||    58
         Confusing Touch   |       |     1 ||     1
    Use: Scroll            |     6 |     3 ||     9
         Potion            |     1 |     4 ||     5
   Stab: Sleeping          |    13 |    26 ||    39
         Confused          |       |     1 ||     1
 Armour: Robe              |    31 |   113 ||   144
  Dodge: Dodged            |    77 |   364 ||   441
